 Dungeon Crawl Stone Soup version 0.27-a0-216-g1fbed8a51c (webtiles) character file.

Game seed: 17433479860584054084

75 knot the Chopper (level 4, 35/35 HPs)
             Began as a Demonspawn Berserker on Feb 1, 2021.
             Was a Believer of Trog.
             Quit the game on level 3 of the Dungeon.
             The game lasted 00:01:27 (2462 turns).

knot the Chopper (Demonspawn Berserker)             Turns: 2462, Time: 00:01:27

Health: 35/35      AC:  4    Str: 17    XL:     4   Next: 11%
Magic:  4/4        EV: 12    Int: 10    God:    Trog [**....]
Gold:   132        SH:  0    Dex: 12    Spells: 3/3 levels left

rFire    . . .     SeeInvis .   a - +0 hand axe
rCold    + . .     Faith    .   (no shield)
rNeg     . . .     Spirit   .   b - +0 animal skin
rPois    .         Reflect  .   (helmet restricted)
rElec    .         Harm     .   (no cloak)
rCorr    .         Rampage  .   (no gloves)
Will     .....                  (no boots)
Stlth    +.........             u - amulet of magic regeneration
HPRegen  0.11/turn              e - ring of protection from cold
MPRegen  0.34/turn              (no ring)

@: no status effects
A: horns 2, yellow scales 1
a: Renounce Religion, Berserk, Trog's Hand


You were on level 3 of the Dungeon.
You worshipped Trog.
Trog was pleased with you.
You visited 1 branch of the dungeon, and saw 3 of its levels.

You collected 132 gold pieces.

Inventory:

Hand Weapons
 a - a +0 hand axe (weapon)
Missiles
 j - 35 stones
 s - 22 sling bullets
Armour
 b - a +0 animal skin (worn)
Jewellery
 e - a ring of protection from cold (left hand)
 u - an amulet of magic regeneration (around neck)
Wands
 l - a wand of paralysis (7)
Scrolls
 f - 3 scrolls of blinking {unknown}
 g - 2 scrolls of fear {unknown}
 i - 2 scrolls of remove curse {unknown}
 k - a scroll of noise {unknown}
 m - a scroll of identify {unknown}
 o - a scroll of enchant weapon {unknown}
 p - a scroll of enchant armour {unknown}
 r - a scroll of teleportation {unknown}
 t - a scroll of random uselessness {unknown}
Potions
 c - 2 potions of might {unknown}
 d - a potion of ambrosia {unknown}
 h - a potion of experience {unknown}
 n - a potion of cancellation {unknown}
 q - 2 potions of curing {unknown}


   Skills:
 - Level 3.0 Fighting
 + Level 4.5 Axes
 - Level 1.7 Armour
 - Level 1.7 Dodging


You had 3 spell levels left.
You didn't know any spells.
Your spell library was empty.

Dungeon Overview and Level Annotations

Branches:
Dungeon (3/15)

Altars:


Innate Abilities, Weirdness & Mutations

You have a pair of horns on your head.
You are partially covered in yellow scales. (AC +2)


Message History

You start resting.
You feel sick. x7
You are no longer poisoned.
You start resting.
You start resting.
You start resting.
HP restored.
You start waiting.
Done waiting.
You see here a quarterstaff.
You now have 132 gold pieces (gained 8).
A worm comes into view.
You see here 10 gold pieces.
A worm is nearby!
A worm is nearby!
A worm is nearby!
You hit the worm.
The worm is lightly wounded.
The worm bites you but does no damage.
Are you sure you want to abandon this character and quit the game? (Confirm with "yes".)

#.# #.#..# ##
#.#...#..#..##
+.#.#....#...#
#.#.......... #+
####.###.##...# ##
..
............###..###
#. #[......##......#
#.#####....)...@w.#
#..#.......)$....##
#.#.............#
#.<..............#
##.###.......##....
#.............###..#
#.#.##.......... ###
.. ....#######.. !..
....# #.


You could see a worm.

Vanquished Creatures
  A worker ant (D:3)
  2 worms (D:2)
  3 dart slugs
  2 leopard geckos
  A giant cockroach (D:2)
  5 goblins
  A hobgoblin (D:2)
  5 kobolds
  A ball python (D:1)
  10 bats
  7 frilled lizards
  4 rats
42 creatures vanquished.

Notes
Turn   | Place    | Note
-------+----------+-------------------------------------------
     0 | D:1      | knot the Demonspawn Berserker began the quest for the Orb.
     0 | D:1      | Reached XP level 1. HP: 18/18 MP: 1/1
    99 | D:1      | Reached skill level 3 in Axes
   294 | D:1      | Gained mutation: You have a pair of small horns on your
                  | head. [demonic ancestry]
   294 | D:1      | Reached XP level 2. HP: 24/24 MP: 2/2
  1102 | D:2      | Gained mutation: You have a pair of horns on your head.
                  | [demonic ancestry]
  1102 | D:2      | Reached XP level 3. HP: 20/29 MP: 3/3
  1357 | D:2      | Reached skill level 4 in Axes
  1830 | D:2      | Reached ** piety under Trog
  2046 | D:3      | Gained mutation: You are partially covered in yellow
                  | scales. (AC +2) [demonic ancestry]
  2046 | D:3      | Reached XP level 4. HP: 8/35 MP: 4/4
  2462 | D:3      | Quit the game

Illustrated notes

Levels and vault maps discovered:
D:1:      onia_arrival_pentagram, layout_basic
D:2:      layout_basic
D:3:      layout_basic, chequers_ecumenical_altar_twisty, minmay_misc_feat_iff

Skill      XL: |  1  2  3 |
---------------+----------+-----
Axes           | 3 4 |  4.5
Fighting       | |  3.0
Armour         | |  1.7
Dodging        | |  1.7

Action                   |  1- 3 |  4- 6 || total
-------------------------+-------+-------++-------
Melee: Hand axe          |   102 |     1 ||   103
       Headbutt          |     9 |       ||     9
Invok: Berserk           |     2 |       ||     2
 Stab: Sleeping          |     2 |       ||     2
Armor: Animal skin       |    19 |     1 ||    20
Dodge: Dodged            |    68 |       ||    68

Table legend: (Time is in decaauts)
 A = Elapsed time spent in this place.
 B = Non-inter-level travel time spent in this place.
 C = Inter-level travel time spent in this place.
 D = Time resting spent in this place.
 E = Time spent auto-exploring this place.
 F = Levels seen in this place.
 G = Mean time per level.
                   A        B        C        D        E       F      G
               +--------+--------+--------+--------+--------+-----+--------+
         Total |   2496 |   2467 |     29 |    779 |   1431 |   3 |  832.0 |
       Dungeon |   2496 |   2467 |     29 |    779 |   1431 |   3 |  832.0 |
               +--------+--------+--------+--------+--------+-----+--------+

Top non-repeatable levels by time:
     D:2: 1032 daAuts
     D:1: 1026 daAuts
     D:3: 437 daAuts
